Inferno vs Mustangs

Created - 16 mars 2017 at 21:39

Goals
1 2 3 T
Inferno 1 2 4 7
Mustangs 1 3 1 5
Shots
1 2 3 T
Inferno 11 10 17 38
Mustangs 12 15 6 33

1st period

1. Inferno , Mikhail Grabovski 34 (Sami Vatanen, Stephane Veilleux) at 5:35
2. Mustangs , Francis Paré 2 (Mark Pysyk, Riley Nash) at 7:42

Penalties :
No Penalty

2nd period

3. Inferno , Mikhail Grabovski 35 (Jonathan Ferland) at 1:23
4. Inferno , Stephane Veilleux 36 (Sami Vatanen, Mikhail Grabovski) at 3:18
5. Mustangs , Marcus Foligno 17 (Rick Schofield, Eric Gryba) at 5:14
6. Mustangs , Jerome Samson 12 (Jim O'Brien, Cameron Gaunce) at 7:46
7. Mustangs , Eric Wellwood 28 (Riley Armstrong, Reilly Smith) at 13:33

Penalties :
Colby Robak (Anc) for Holding (Minor) at 14:49, Mikhail Grabovski (Anc) for Slashing (Minor) at 18:55

3rd period

8. Inferno , Stephane Veilleux 37 (Jonathan Ferland, Mikhail Grabovski) at 10:41
9. Inferno , Jonathan Ferland 17 (Mikhail Grabovski, Stephane Veilleux) at 10:55
10. Inferno , Kyle Palmieri 19 (Cal O'Reilly) at 12:04
11. Mustangs , Marcus Foligno 18 (Rick Schofield, Eric Gryba) at 18:23
12. Inferno , Colby Robak 4 (Mikhail Grabovski) at 19:44 (SH) (Empty Net)

Penalties :
Kyle Palmieri (Anc) for Hooking (Minor) at 4:23, Vladimir Zharkov (Anc) for Goalie Interference (Minor) at 19:36

Goalie Stats

Josh Harding (Anc), 28 saves from 33 shots - (0,848), W, 27-14-7, 60:00 minutes
Peter Mannino (Ham), 31 saves from 37 shots - (0,838), L, 24-12-6, 59:31 minutes

Players Stats for Inferno

Player Name              G  A  P  +/- PIM S  H  SB GA TA FO     MP     PP MP  PK MP  
------------------------------------------------------------------------------------
Anders Lee               0  0  0  -2  0   1  0  0  0  0  2/6    10:08   0:00   1:39 
Beau Bennett             0  0  0  -2  0   1  0  1  0  0  0/1     8:28   0:00   0:00 
Cal O'Reilly             0  1  1   0  0   2  4  0  0  0  4/8    12:41   0:00   0:00 
Christian Folin          0  0  0  -1  0   1  0  0  0  0  0/0    14:22   0:00   0:47 
Colby Robak              1  0  1   3  2   2  2  2  0  1  0/0    26:52   0:00   2:51 
David Savard             0  0  0   0  0   3  1  0  0  2  0/0    19:08   0:00   2:42 
David Ullstrom           0  0  0  -2  0   4  1  0  1  2  2/2    15:12   0:00   1:03 
Jonathan Ferland         1  2  3   5  0   3  4  1  1  1  0/2    18:14   0:00   0:00 
Kyle Palmieri            1  0  1   0  2   2  2  0  1  0  0/0    12:41   0:00   0:00 
Matt Kassian             0  0  0   0  0   2  1  1  0  2  2/2    12:41   0:00   0:00 
Matthew Nieto            0  0  0  -2  0   1  0  0  0  0  0/0     9:52   0:00   1:23 
Mikhail Grabovski        2  4  6   6  2   3  3  0  0  1  17/36  20:43   0:00   2:22 
Sami Vatanen             0  2  2   2  0   1  1  0  0  1  0/0    21:54   0:00   0:47 
Simon Danis-Pepin        0  0  0   1  0   0  0  0  0  2  0/0    23:23   0:00   4:03 
Stephane Veilleux        2  2  4   6  0   5  1  0  0  1  2/2    22:15   0:00   3:54 
Vladimir Sobotka         0  0  0  -2  0   2  2  0  1  1  5/14   16:28   0:00   2:19 
Vladimir Zharkov         0  0  0  -2  2   5  2  0  0  1  0/1    13:51   0:00   0:00 
Zach Redmond             0  0  0  -1  0   0  1  0  0  0  0/0    14:43   0:00   1:30 

Players Stats for Mustangs

Player Name              G  A  P  +/- PIM S  H  SB GA TA FO     MP     PP MP  PK MP  
------------------------------------------------------------------------------------
Alexei Marchenko         0  0  0   1  0   1  0  2  0  1  0/0    13:32   0:00   0:00 
Ben Eager                0  0  0   2  0   1  4  0  3  0  2/2    16:23   3:06   0:00 
Brandon Saad             0  0  0   0  0   1  0  1  0  0  0/0    14:16   0:18   0:00 
Cameron Gaunce           0  1  1  -1  0   0  1  2  1  0  0/0    26:52   3:35   0:00 
Denis Bodrov             0  0  0  -2  0   0  2  1  1  0  0/0    19:36   2:45   0:00 
Eric Gryba               0  2  2  -1  0   3  0  2  1  1  0/0    26:52   3:35   0:00 
Eric Wellwood            1  0  1  -4  0   6  0  3  2  0  0/1    21:35   3:02   0:00 
Francis Paré             1  0  1   0  0   3  0  0  1  0  0/0     7:52   0:00   0:00 
Jerome Samson            1  0  1   0  0   3  1  0  0  0  0/0    14:00   0:02   0:00 
Jim O'Brien              0  1  1   0  0   1  0  0  1  0  5/11   12:33   0:00   0:00 
Joshua Leivo             0  0  0   0  0   0  0  1  0  0  0/0     9:29   0:12   0:00 
Marcus Foligno           2  0  2   2  0   3  4  0  1  1  0/1    16:23   3:06   0:00 
Mark Pysyk               0  1  1  -2  0   1  1  1  0  0  0/0    19:36   2:45   0:00 
Reilly Smith             0  1  1  -4  0   3  2  0  2  0  1/4    21:42   3:09   0:00 
Rick Schofield           0  2  2   2  0   1  0  1  0  0  6/14   16:23   3:06   0:00 
Riley Armstrong          0  1  1  -4  0   4  0  0  1  1  22/36  21:32   2:59   0:00 
Riley Nash               0  1  1   0  0   2  0  0  1  0  4/5     7:52   0:00   0:00 
Scott Mayfield           0  0  0   1  0   0  3  0  0  0  0/0    13:32   0:00   0:00 

3 Stars

1 - Mikhail Grabovski (Anc)
2 - Stephane Veilleux (Anc)
3 - Jonathan Ferland (Anc)

Power Play

Inferno - 0 on 0 Attempt(s) - 0,00%
Mustangs - 0 on 4 Attempt(s) - 0,00%

Penalty Kill

Inferno - 4 on 4 Attempt(s) - 100,00% - Score 1 goal in Penalty Kill
Mustangs - 0 on 0 Attempt(s) - 0,00% - Score 0 goal in Penalty Kill

Team Stat

Inferno - Hits : 25 - Faceoff Wins : 34 - Blocked Shots : 5 - Penalty Minutes : 8
Mustangs - Hits : 18 - Faceoff Wins : 40 - Blocked Shots : 14 - Penalty Minutes : 0

Official

Referees : Hebert Ghislain and O'Halloran Dan
Linesman : Steve Barton and Andy McElman

Game Notes

Colby Robak has scored in a empty net!

Finance

Level 1 -- Attendance: 1613 (80,65%) -- Ticket Income 64 520 $
Level 2 -- Attendance: 717 (71,70%) -- Ticket Income 14 340 $
Total Attendance: 2330 (77,67%)
Total Ticket Income: 78 860 $
Other Income: 3 943 $
Total Income: 82 803 $

Inferno

5 vs 5 Forward 
   Center                   Left Wing                Right Wing               Time % Phy DF OF 
 1 Mikhail Grabovski        Stephane Veilleux        Jonathan Ferland         40     1   2  2  
 2 Vladimir Sobotka         David Ullstrom           Vladimir Zharkov         30     1   2  2  
 3 Cal O'Reilly             Matt Kassian             Kyle Palmieri            20     1   2  2  
 4 Anders Lee               Matthew Nieto            Beau Bennett             10     1   2  2  

5 vs 5 Defense 
   Defense                  Defense                                           Time % Phy DF OF 
 1 Sami Vatanen             Colby Robak                                       40     1   2  2  
 2 Simon Danis-Pepin        David Savard                                      30     1   2  2  
 3 Zach Redmond             Christian Folin                                   20     1   2  2  
 4 Simon Danis-Pepin        Colby Robak                                       10     1   2  2  

PowerPlay Forward 
   Center                   Left Wing                Right Wing               Time % Phy DF OF 
 1 Mikhail Grabovski        Stephane Veilleux        Jonathan Ferland         60     1   2  2  
 2 Vladimir Sobotka         David Ullstrom           Kyle Palmieri            40     1   2  2  

PowerPlay Defense
   Defense                  Defense                                           Time % Phy DF OF 
 1 Sami Vatanen             Colby Robak                                       60     1   2  2  
 2 Zach Redmond             David Savard                                      40     1   2  2  

Penalty Kill 4 Players Forward 
   Center                   Wing                     Time % Phy DF OF 
 1 Mikhail Grabovski        Stephane Veilleux        60     1   2  2  
 2 Vladimir Sobotka         David Ullstrom           40     1   2  2  

Penalty Kill 4 Players Defense
   Defense                  Defense                  Time % Phy DF OF 
 1 Simon Danis-Pepin        Colby Robak              60     1   2  2  
 2 Zach Redmond             David Savard             40     1   2  2  

Penalty Kill - 3 Players Forward 
   Forward                                           Time % Phy DF OF 
 1 Mikhail Grabovski                                 60     1   2  2  
 2 Stephane Veilleux                                 40     1   2  2  

Penalty Kill - 3 Players Defense
   Defense                  Defense                  Time % Phy DF OF 
 1 Simon Danis-Pepin        Colby Robak              60     1   2  2  
 2 Zach Redmond             David Savard             40     1   2  2  

4 vs 4 Forward 
   Center                   Wing                     Time % Phy DF OF 
 1 Mikhail Grabovski        Stephane Veilleux        60     1   2  2  
 2 Vladimir Sobotka         Vladimir Zharkov         40     1   2  2  

4 vs 4 Defense
   Defense                  Defense                  Time % Phy DF OF 
 1 Sami Vatanen             Colby Robak              60     1   2  2  
 2 Simon Danis-Pepin        David Savard             40     1   2  2  

Last Minutes Offensive
   Center                   Left Wing                Right Wing               Defense                  Defense                  
   Mikhail Grabovski        Stephane Veilleux        Vladimir Zharkov         Sami Vatanen             Colby Robak              

Last Minutes Defensive
   Center                   Left Wing                Right Wing               Defense                  Defense                  
   Mikhail Grabovski        Stephane Veilleux        Vladimir Zharkov         Simon Danis-Pepin        Colby Robak              

Goaltenders
Starting : Josh Harding             
Backup : Christopher Gibson       

Extra Forwards
Normal : Vladimir Sobotka, Vladimir Zharkov, Cal O'Reilly - PP : Vladimir Sobotka, Kyle Palmieri - PK : Vladimir Sobotka
Extra Defensemen
Normal : Colby Robak, David Savard, Simon Danis-Pepin - PP : Colby Robak - PK : Colby Robak, David Savard
Penalty Shots
Mikhail Grabovski, Vladimir Sobotka, Kyle Palmieri, Vladimir Zharkov, Anders Lee

Mustangs

5 vs 5 Forward 
   Center                   Left Wing                Right Wing               Time % Phy DF OF 
 1 Riley Armstrong          Eric Wellwood            Reilly Smith             40     0   2  3  
 2 Rick Schofield           Marcus Foligno           Ben Eager                30     0   2  3  
 3 Jim O'Brien              Brandon Saad             Jerome Samson            20     0   2  3  
 4 Riley Nash               Joshua Leivo             Francis Paré             10     0   2  3  

5 vs 5 Defense 
   Defense                  Defense                                           Time % Phy DF OF 
 1 Cameron Gaunce           Eric Gryba                                        45     1   2  2  
 2 Denis Bodrov             Mark Pysyk                                        33     1   2  2  
 3 Alexei Marchenko         Scott Mayfield                                    22     1   2  2  
 4 Alexei Marchenko         Scott Mayfield                                    0      1   2  2  

PowerPlay Forward 
   Center                   Left Wing                Right Wing               Time % Phy DF OF 
 1 Riley Armstrong          Eric Wellwood            Reilly Smith             60     0   0  5  
 2 Rick Schofield           Marcus Foligno           Ben Eager                40     0   0  5  

PowerPlay Defense
   Defense                  Defense                                           Time % Phy DF OF 
 1 Cameron Gaunce           Eric Gryba                                        60     0   1  4  
 2 Denis Bodrov             Mark Pysyk                                        40     0   1  4  

Penalty Kill 4 Players Forward 
   Center                   Wing                     Time % Phy DF OF 
 1 Riley Armstrong          Eric Wellwood            60     0   5  0  
 2 Rick Schofield           Ben Eager                40     0   5  0  

Penalty Kill 4 Players Defense
   Defense                  Defense                  Time % Phy DF OF 
 1 Cameron Gaunce           Eric Gryba               60     1   4  0  
 2 Denis Bodrov             Mark Pysyk               40     1   4  0  

Penalty Kill - 3 Players Forward 
   Forward                                           Time % Phy DF OF 
 1 Eric Wellwood                                     60     0   5  0  
 2 Riley Armstrong                                   40     0   5  0  

Penalty Kill - 3 Players Defense
   Defense                  Defense                  Time % Phy DF OF 
 1 Cameron Gaunce           Eric Gryba               60     1   4  0  
 2 Denis Bodrov             Mark Pysyk               40     1   4  0  

4 vs 4 Forward 
   Center                   Wing                     Time % Phy DF OF 
 1 Riley Armstrong          Reilly Smith             60     0   1  4  
 2 Rick Schofield           Ben Eager                40     0   1  4  

4 vs 4 Defense
   Defense                  Defense                  Time % Phy DF OF 
 1 Cameron Gaunce           Eric Gryba               60     0   2  3  
 2 Denis Bodrov             Mark Pysyk               40     0   2  3  

Last Minutes Offensive
   Center                   Left Wing                Right Wing               Defense                  Defense                  
   Riley Armstrong          Eric Wellwood            Reilly Smith             Cameron Gaunce           Eric Gryba               

Last Minutes Defensive
   Center                   Left Wing                Right Wing               Defense                  Defense                  
   Rick Schofield           Eric Wellwood            Ben Eager                Cameron Gaunce           Eric Gryba               

Goaltenders
Starting : Peter Mannino            
Backup : Chet Pickard             

Extra Forwards
Normal : Riley Armstrong, Marcus Foligno, Ben Eager - PP : Brandon Saad, Eric Wellwood - PK : Eric Wellwood
Extra Defensemen
Normal : Cameron Gaunce, Alexei Marchenko, Scott Mayfield - PP : Alexei Marchenko - PK : Eric Gryba, Mark Pysyk
Penalty Shots
Brandon Saad, Reilly Smith, Marcus Foligno, Eric Wellwood, Ben Eager

% Time on Ice - Inferno

Lines # - Real PCT - Wanted PCT - Time Play
Normal Forward
1 - 34% - 40% - 18:15
2 - 26% - 30% - 14:09
3 - 24% - 20% - 12:41
4 - 16% - 10% - 8:28
Normal Defense
1 - 40% - 40% - 21:13
2 - 27% - 30% - 14:39
3 - 25% - 20% - 13:12
4 - 8% - 10% - 4:29
PP Forward
1 - 0% - 60%
2 - 0% - 40%
PP Defense
1 - 0% - 60%
2 - 0% - 40%
PK Forward
1 - 83% - 60% - 5:17
2 - 17% - 40% - 1:03
PK Defense
1 - 76% - 60% - 4:50
2 - 24% - 40% - 1:30
PK3 Forward
1 - 0% - 60%
2 - 0% - 40%
PK3 Defense
1 - 0% - 60%
2 - 0% - 40%
44 Forward
1 - 0% - 60%
2 - 0% - 40%
44 Defense
1 - 0% - 60%
2 - 0% - 40%
Last Minute Offensive  - 0:00
Last Minute Defensive  - 0:07
Total
Forward - 60:00
Defense - 60:00

% Time on Ice - Mustangs

Lines # - Real PCT - Wanted PCT - Time Play
Normal Forward
1 - 34% - 40% - 18:26
2 - 27% - 30% - 14:42
3 - 23% - 20% - 12:33
4 - 15% - 10% - 7:52
Normal Defense
1 - 43% - 45% - 23:10
2 - 31% - 33% - 16:51
3 - 23% - 22% - 12:29
4 - 2% - 0% - 1:03
PP Forward
1 - 51% - 60% - 3:12
2 - 49% - 40% - 3:08
PP Defense
1 - 57% - 60% - 3:35
2 - 43% - 40% - 2:45
PK Forward
1 - 0% - 60%
2 - 0% - 40%
PK Defense
1 - 0% - 60%
2 - 0% - 40%
PK3 Forward
1 - 0% - 60%
2 - 0% - 40%
PK3 Defense
1 - 0% - 60%
2 - 0% - 40%
44 Forward
1 - 0% - 60%
2 - 0% - 40%
44 Defense
1 - 0% - 60%
2 - 0% - 40%
Last Minute Offensive  - 0:07
Last Minute Defensive  - 0:00
Total
Forward - 60:00
Defense - 60:00

Play by Play

1st period


0:01 of 1st period - Mikhail Grabovski wins face-off versus Riley Armstrong in neutral zone.
0:11 of 1st period - Wrist shot by Reilly Smith.
0:11 of 1st period - Stopped by Josh Harding with a rebound.
0:13 of 1st period - Wrist shot by Riley Armstrong.
0:13 of 1st period - Stopped by Josh Harding with a rebound.
0:15 of 1st period - Snap shot by Eric Wellwood.
0:15 of 1st period - Stopped by Josh Harding with a rebound.
0:25 of 1st period - Cameron Gaunce is hit by Colby Robak and loses puck.
0:45 of 1st period - Colby Robak is hit by Mark Pysyk and loses puck.
0:52 of 1st period - Snap shot by Riley Nash.
0:52 of 1st period - Shot Misses the Net.
1:37 of 1st period - Snap shot by Vladimir Zharkov.
1:37 of 1st period - Stopped by Peter Mannino without a rebound.
1:38 of 1st period - Cal O'Reilly wins face-off versus Marcus Foligno in Mustangs zone.
1:49 of 1st period - Wrist shot by Cal O'Reilly.
1:49 of 1st period - Shot Misses the Net.
2:03 of 1st period - Zach Redmond is hit by Reilly Smith and loses puck.
2:14 of 1st period - Snap shot by Riley Armstrong.
2:14 of 1st period - Stopped by Josh Harding without a rebound.
2:15 of 1st period - Jim O'Brien wins face-off versus Anders Lee in Inferno zone.
2:16 of 1st period - Slapshot by Denis Bodrov.
2:16 of 1st period - Deflect By Brandon Saad.
2:16 of 1st period - Shot Misses the Net.
2:16 of 1st period - Puck is out of play.
2:17 of 1st period - Jim O'Brien wins face-off versus Anders Lee in Inferno zone.
2:18 of 1st period - Snap shot by Jerome Samson.
2:18 of 1st period - Stopped by Josh Harding without a rebound.
2:19 of 1st period - Jim O'Brien wins face-off versus Beau Bennett in Inferno zone.
2:30 of 1st period - Wrist shot by Jim O'Brien.
2:30 of 1st period - Deflect By Brandon Saad.
2:30 of 1st period - Shot Misses the Net.
2:30 of 1st period - Puck is out of play.
2:31 of 1st period - Mikhail Grabovski wins face-off versus Riley Armstrong in Inferno zone.
2:56 of 1st period - Rick Schofield is hit by Cal O'Reilly and loses puck.
3:18 of 1st period - Off-side.
3:19 of 1st period - Anders Lee wins face-off versus Jim O'Brien in neutral zone.
3:22 of 1st period - Snap shot by Beau Bennett.
3:22 of 1st period - Shot Misses the Net.
3:24 of 1st period - Slapshot by David Savard.
3:24 of 1st period - Stopped by Peter Mannino with a rebound.
3:26 of 1st period - Slapshot by Matthew Nieto.
3:26 of 1st period - Shot Misses the Net.
3:28 of 1st period - Slapshot by David Savard.
3:28 of 1st period - Stopped by Peter Mannino with a rebound.
4:44 of 1st period - Off-side.
4:45 of 1st period - Riley Armstrong wins face-off versus Mikhail Grabovski in neutral zone.
5:00 of 1st period - Snap shot by Mikhail Grabovski.
5:00 of 1st period - Shot Hit the Post.
5:12 of 1st period - Cal O'Reilly is hit by Marcus Foligno and loses puck.
5:21 of 1st period - Wrist shot by Marcus Foligno.
5:21 of 1st period - Stopped by Josh Harding without a rebound.
5:22 of 1st period - Mikhail Grabovski wins face-off versus Riley Nash in Inferno zone.
5:35 of 1st period - Slapshot by Mikhail Grabovski.
5:35 of 1st period - Goal by Mikhail Grabovski - Inferno : 1 - Mustangs : 0.
5:36 of 1st period - Mikhail Grabovski wins face-off versus Reilly Smith in neutral zone.
5:45 of 1st period - Snap shot by Stephane Veilleux.
5:45 of 1st period - Stopped by Peter Mannino with a rebound.
5:47 of 1st period - Wrist shot by Mikhail Grabovski.
5:47 of 1st period - Deflect By Stephane Veilleux.
5:47 of 1st period - Shot Misses the Net.
5:47 of 1st period - Puck is out of play.
5:48 of 1st period - Riley Armstrong wins face-off versus Mikhail Grabovski in Mustangs zone.
5:53 of 1st period - Eric Gryba is hit by Mikhail Grabovski and loses puck.
6:38 of 1st period - Slapshot by Cal O'Reilly.
6:38 of 1st period - Stopped by Peter Mannino with a rebound.
6:40 of 1st period - Snap shot by Cal O'Reilly.
6:40 of 1st period - Shot Blocked by Denis Bodrov.
6:42 of 1st period - Wrist shot by Kyle Palmieri.
6:42 of 1st period - Shot Misses the Net.
6:44 of 1st period - Wrist shot by Matt Kassian.
6:44 of 1st period - Stopped by Peter Mannino without a rebound.
6:45 of 1st period - Riley Armstrong wins face-off versus Mikhail Grabovski in Mustangs zone.
7:38 of 1st period - Slapshot by Riley Nash.
7:38 of 1st period - Shot Blocked by Beau Bennett.
7:40 of 1st period - Wrist shot by Mark Pysyk.
7:40 of 1st period - Shot Misses the Net.
7:42 of 1st period - Snap shot by Francis Paré.
7:42 of 1st period - Goal by Francis Paré - Inferno : 1 - Mustangs : 1.
7:43 of 1st period - Mikhail Grabovski wins face-off versus Reilly Smith in neutral zone.
7:54 of 1st period - Snap shot by Mikhail Grabovski.
7:54 of 1st period - Stopped by Peter Mannino without a rebound.
7:55 of 1st period - Riley Armstrong wins face-off versus Mikhail Grabovski in Mustangs zone.
8:48 of 1st period - Off-side.
8:49 of 1st period - Riley Armstrong wins face-off versus Jonathan Ferland in neutral zone.
8:53 of 1st period - Icing by Eric Gryba.
8:54 of 1st period - Mikhail Grabovski wins face-off versus Riley Armstrong in Mustangs zone.
9:27 of 1st period - Slapshot by Eric Wellwood.
9:27 of 1st period - Stopped by Josh Harding with a rebound.
9:29 of 1st period - Slapshot by Riley Armstrong.
9:29 of 1st period - Shot Misses the Net.
9:31 of 1st period - Slapshot by Cameron Gaunce.
9:31 of 1st period - Shot Misses the Net.
9:33 of 1st period - Slapshot by Cameron Gaunce.
9:33 of 1st period - Deflect By Riley Armstrong.
9:33 of 1st period - Shot Misses the Net.
9:33 of 1st period - Puck is out of play.
9:34 of 1st period - Ben Eager wins face-off versus Vladimir Sobotka in Inferno zone.
9:39 of 1st period - Snap shot by Marcus Foligno.
9:39 of 1st period - Shot Blocked by Colby Robak.
10:06 of 1st period - Brandon Saad is hit by Mikhail Grabovski and loses puck.
10:24 of 1st period - Denis Bodrov is hit by Matt Kassian and loses puck.
10:36 of 1st period - Icing by Francis Paré.
10:37 of 1st period - Anders Lee wins face-off versus Riley Armstrong in Mustangs zone.
11:04 of 1st period - Riley Armstrong is hit by Vladimir Sobotka and loses puck.
11:15 of 1st period - Wrist shot by Reilly Smith.
11:15 of 1st period - Stopped by Josh Harding without a rebound.
11:16 of 1st period - Rick Schofield wins face-off versus Jonathan Ferland in Inferno zone.
11:17 of 1st period - Slapshot by Ben Eager.
11:17 of 1st period - Deflect By Rick Schofield.
11:17 of 1st period - Stopped by Josh Harding with a rebound.
12:33 of 1st period - Slapshot by Reilly Smith.
12:33 of 1st period - Shot Misses the Net.
13:00 of 1st period - Icing by Ben Eager.
13:01 of 1st period - Rick Schofield wins face-off versus Vladimir Sobotka in Mustangs zone.
13:52 of 1st period - Jonathan Ferland is hit by Marcus Foligno and loses puck.
13:59 of 1st period - Snap shot by Marcus Foligno.
13:59 of 1st period - Shot Misses the Net.
14:21 of 1st period - Mark Pysyk is hit by David Ullstrom and loses puck.
14:51 of 1st period - Mark Pysyk is hit by Cal O'Reilly and loses puck.
15:33 of 1st period - Sami Vatanen is hit by Cameron Gaunce and loses puck.
16:12 of 1st period - Simon Danis-Pepin is hit by Scott Mayfield and loses puck.
16:27 of 1st period - Simon Danis-Pepin is hit by Scott Mayfield and loses puck.
17:01 of 1st period - Jonathan Ferland is hit by Reilly Smith and loses puck.
17:18 of 1st period - Slapshot by Vladimir Sobotka.
17:18 of 1st period - Shot Misses the Net.
17:38 of 1st period - Slapshot by Riley Nash.
17:38 of 1st period - Stopped by Josh Harding with a rebound.
18:31 of 1st period - Colby Robak is hit by Marcus Foligno and loses puck.
18:51 of 1st period - Beau Bennett is hit by Jerome Samson and loses puck.
19:20 of 1st period - Snap shot by Vladimir Zharkov.
19:20 of 1st period - Stopped by Peter Mannino with a rebound.
19:22 of 1st period - Slapshot by Sami Vatanen.
19:22 of 1st period - Stopped by Peter Mannino with a rebound.
19:24 of 1st period - Slapshot by Vladimir Zharkov.
19:24 of 1st period - Stopped by Peter Mannino without a rebound.
19:25 of 1st period - Riley Armstrong wins face-off versus Cal O'Reilly in Mustangs zone.
19:32 of 1st period - Wrist shot by Reilly Smith.
19:32 of 1st period - Deflect By Eric Wellwood.
19:32 of 1st period - Stopped by Josh Harding without a rebound.
19:33 of 1st period - Riley Armstrong wins face-off versus Cal O'Reilly in Inferno zone.
19:48 of 1st period - Snap shot by Kyle Palmieri.
19:48 of 1st period - Shot Blocked by Eric Wellwood.
19:59 of 1st period - Off-side.
Goals for this period are 1 for Inferno vs 1 for Mustangs.
Shots for this period are 11 for Inferno vs 12 for Mustangs.

2nd period


0:01 of 2nd period - Riley Armstrong wins face-off versus Mikhail Grabovski in neutral zone.
0:26 of 2nd period - Colby Robak is hit by Marcus Foligno and loses puck.
0:47 of 2nd period - Snap shot by Francis Paré.
0:47 of 2nd period - Stopped by Josh Harding without a rebound.
0:48 of 2nd period - Riley Nash wins face-off versus Cal O'Reilly in Inferno zone.
0:57 of 2nd period - Wrist shot by Cal O'Reilly.
0:57 of 2nd period - Stopped by Peter Mannino without a rebound.
0:58 of 2nd period - Mikhail Grabovski wins face-off versus Riley Armstrong in Mustangs zone.
1:09 of 2nd period - Slapshot by Mikhail Grabovski.
1:09 of 2nd period - Deflect By Stephane Veilleux.
1:09 of 2nd period - Shot Misses the Net.
1:09 of 2nd period - Puck is out of play.
1:10 of 2nd period - Riley Armstrong wins face-off versus Mikhail Grabovski in Mustangs zone.
1:23 of 2nd period - Snap shot by Mikhail Grabovski.
1:23 of 2nd period - Goal by Mikhail Grabovski - Inferno : 2 - Mustangs : 1.
1:24 of 2nd period - Rick Schofield wins face-off versus Mikhail Grabovski in neutral zone.
1:41 of 2nd period - Cameron Gaunce is hit by Jonathan Ferland and loses puck.
1:57 of 2nd period - Wrist shot by Riley Armstrong.
1:57 of 2nd period - Stopped by Josh Harding with a rebound.
1:59 of 2nd period - Snap shot by Eric Gryba.
1:59 of 2nd period - Stopped by Josh Harding without a rebound.
2:00 of 2nd period - Riley Armstrong wins face-off versus Vladimir Sobotka in Inferno zone.
2:46 of 2nd period - Slapshot by Riley Nash.
2:46 of 2nd period - Stopped by Josh Harding with a rebound.
2:48 of 2nd period - Slapshot by Cameron Gaunce.
2:48 of 2nd period - Deflect By Riley Nash.
2:48 of 2nd period - Shot Misses the Net.
2:48 of 2nd period - Puck is out of play.
2:49 of 2nd period - Riley Nash wins face-off versus Vladimir Zharkov in Inferno zone.
2:50 of 2nd period - Snap shot by Francis Paré.
2:50 of 2nd period - Stopped by Josh Harding with a rebound.
2:58 of 2nd period - Snap shot by Vladimir Zharkov.
2:58 of 2nd period - Deflect By Vladimir Sobotka.
2:58 of 2nd period - Shot Misses the Net.
2:58 of 2nd period - Puck is out of play.
2:59 of 2nd period - Vladimir Sobotka wins face-off versus Rick Schofield in Mustangs zone.
3:08 of 2nd period - Wrist shot by Vladimir Zharkov.
3:08 of 2nd period - Stopped by Peter Mannino with a rebound.
3:10 of 2nd period - Wrist shot by David Ullstrom.
3:10 of 2nd period - Deflect By Vladimir Sobotka.
3:10 of 2nd period - Shot Misses the Net.
3:10 of 2nd period - Puck is out of play.
3:11 of 2nd period - Mikhail Grabovski wins face-off versus Riley Armstrong in Mustangs zone.
3:16 of 2nd period - Snap shot by Stephane Veilleux.
3:16 of 2nd period - Shot Blocked by Cameron Gaunce.
3:18 of 2nd period - Snap shot by Stephane Veilleux.
3:18 of 2nd period - Goal by Stephane Veilleux - Inferno : 3 - Mustangs : 1.
3:19 of 2nd period - Mikhail Grabovski wins face-off versus Riley Armstrong in neutral zone.
3:30 of 2nd period - Wrist shot by Stephane Veilleux.
3:30 of 2nd period - Stopped by Peter Mannino with a rebound.
3:32 of 2nd period - Snap shot by Sami Vatanen.
3:32 of 2nd period - Shot Blocked by Eric Gryba.
3:34 of 2nd period - Slapshot by Colby Robak.
3:34 of 2nd period - Shot Blocked by Eric Wellwood.
3:46 of 2nd period - Rick Schofield is hit by Vladimir Zharkov and loses puck.
3:53 of 2nd period - Wrist shot by David Ullstrom.
3:53 of 2nd period - Deflect By Vladimir Zharkov.
3:53 of 2nd period - Shot Misses the Net.
3:53 of 2nd period - Puck is out of play.
3:54 of 2nd period - Rick Schofield wins face-off versus Mikhail Grabovski in Mustangs zone.
4:13 of 2nd period - Rick Schofield is hit by Mikhail Grabovski and loses puck.
4:23 of 2nd period - Off-side.
4:24 of 2nd period - Matt Kassian wins face-off versus Riley Armstrong in neutral zone.
5:14 of 2nd period - Snap shot by Rick Schofield.
5:14 of 2nd period - Deflect By Marcus Foligno.
5:14 of 2nd period - Goal by Marcus Foligno - Inferno : 3 - Mustangs : 2.
5:15 of 2nd period - Riley Armstrong wins face-off versus Mikhail Grabovski in neutral zone.
5:47 of 2nd period - Snap shot by Vladimir Sobotka.
5:47 of 2nd period - Shot Misses the Net.
5:49 of 2nd period - Snap shot by Vladimir Zharkov.
5:49 of 2nd period - Shot Misses the Net.
6:09 of 2nd period - Wrist shot by Cal O'Reilly.
6:09 of 2nd period - Shot Blocked by Mark Pysyk.
6:19 of 2nd period - Snap shot by Beau Bennett.
6:19 of 2nd period - Shot Misses the Net.
6:22 of 2nd period - Icing by Mark Pysyk.
6:23 of 2nd period - Riley Nash wins face-off versus Anders Lee in Mustangs zone.
6:50 of 2nd period - Off-side.
6:51 of 2nd period - Mikhail Grabovski wins face-off versus Riley Armstrong in neutral zone.
6:54 of 2nd period - Snap shot by Jonathan Ferland.
6:54 of 2nd period - Stopped by Peter Mannino with a rebound.
7:02 of 2nd period - Snap shot by Mikhail Grabovski.
7:02 of 2nd period - Shot Blocked by Eric Gryba.
7:20 of 2nd period - Wrist shot by Vladimir Sobotka.
7:20 of 2nd period - Shot Blocked by Rick Schofield.
7:46 of 2nd period - Snap shot by Jerome Samson.
7:46 of 2nd period - Goal by Jerome Samson - Inferno : 3 - Mustangs : 3.
7:47 of 2nd period - Mikhail Grabovski wins face-off versus Eric Wellwood in neutral zone.
8:12 of 2nd period - Colby Robak is hit by Ben Eager.
8:18 of 2nd period - Wrist shot by Vladimir Sobotka.
8:18 of 2nd period - Stopped by Peter Mannino with a rebound.
9:04 of 2nd period - Snap shot by Beau Bennett.
9:04 of 2nd period - Shot Blocked by Cameron Gaunce.
9:14 of 2nd period - Slapshot by Eric Gryba.
9:14 of 2nd period - Stopped by Josh Harding without a rebound.
9:15 of 2nd period - Riley Armstrong wins face-off versus Mikhail Grabovski in Inferno zone.
10:14 of 2nd period - Cameron Gaunce is hit by Vladimir Sobotka and loses puck.
10:47 of 2nd period - Snap shot by Kyle Palmieri.
10:47 of 2nd period - Stopped by Peter Mannino with a rebound.
11:48 of 2nd period - Slapshot by Eric Wellwood.
11:48 of 2nd period - Shot Misses the Net.
11:50 of 2nd period - Snap shot by Reilly Smith.
11:50 of 2nd period - Stopped by Josh Harding with a rebound.
12:08 of 2nd period - Simon Danis-Pepin is hit by Denis Bodrov and loses puck.
13:09 of 2nd period - Wrist shot by Matthew Nieto.
13:09 of 2nd period - Stopped by Peter Mannino without a rebound.
13:10 of 2nd period - Reilly Smith wins face-off versus Anders Lee in Mustangs zone.
13:31 of 2nd period - Snap shot by Eric Wellwood.
13:31 of 2nd period - Stopped by Josh Harding with a rebound.
13:33 of 2nd period - Wrist shot by Eric Wellwood.
13:33 of 2nd period - Goal by Eric Wellwood - Inferno : 3 - Mustangs : 4.
13:34 of 2nd period - Mikhail Grabovski wins face-off versus Riley Armstrong in neutral zone.
13:41 of 2nd period - Snap shot by Jonathan Ferland.
13:41 of 2nd period - Shot Misses the Net.
13:47 of 2nd period - Snap shot by Riley Armstrong.
13:47 of 2nd period - Deflect By Sami Vatanen.
13:47 of 2nd period - Stopped by Josh Harding without a rebound.
13:48 of 2nd period - Rick Schofield wins face-off versus Vladimir Sobotka in Inferno zone.
14:15 of 2nd period - Cameron Gaunce is hit by Jonathan Ferland and loses puck.
14:49 of 2nd period - Minor Penalty to Colby Robak for Holding.
14:50 of 2nd period - Mikhail Grabovski wins face-off versus Rick Schofield in Inferno zone.
15:04 of 2nd period - Stephane Veilleux is hit by Ben Eager and loses puck.
15:48 of 2nd period - Snap shot by Vladimir Sobotka.
15:48 of 2nd period - Shot Misses the Net.
16:49 of 2nd period - Penalty to Colby Robak is over, Colby Robak is back on ice.
17:05 of 2nd period - Snap shot by David Ullstrom.
17:05 of 2nd period - Shot Misses the Net.
17:07 of 2nd period - Wrist shot by David Ullstrom.
17:07 of 2nd period - Shot Blocked by Brandon Saad.
17:11 of 2nd period - Slapshot by Colby Robak.
17:11 of 2nd period - Stopped by Peter Mannino without a rebound.
17:12 of 2nd period - Riley Nash wins face-off versus Cal O'Reilly in Mustangs zone.
17:19 of 2nd period - Joshua Leivo is hit by Cal O'Reilly and loses puck.
17:46 of 2nd period - Snap shot by Jerome Samson.
17:46 of 2nd period - Stopped by Josh Harding with a rebound.
17:57 of 2nd period - Off-side.
17:58 of 2nd period - Riley Armstrong wins face-off versus Mikhail Grabovski in neutral zone.
18:12 of 2nd period - Wrist shot by Reilly Smith.
18:12 of 2nd period - Shot Misses the Net.
18:14 of 2nd period - Slapshot by Alexei Marchenko.
18:14 of 2nd period - Stopped by Josh Harding with a rebound.
18:16 of 2nd period - Backhand shot by Eric Wellwood.
18:16 of 2nd period - Shot Hit the Post.
18:18 of 2nd period - Snap shot by Eric Wellwood.
18:18 of 2nd period - Stopped by Josh Harding without a rebound.
18:19 of 2nd period - David Ullstrom wins face-off versus Rick Schofield in Inferno zone.
18:45 of 2nd period - Riley Armstrong is hit by Stephane Veilleux and loses puck.
18:55 of 2nd period - Minor Penalty to Mikhail Grabovski for Slashing.
18:56 of 2nd period - Riley Armstrong wins face-off versus Vladimir Sobotka in Inferno zone.
19:22 of 2nd period - Stephane Veilleux is hit by Ben Eager and loses puck.
19:51 of 2nd period - Simon Danis-Pepin is hit by Ben Eager and loses puck.
Goals for this period are 2 for Inferno vs 3 for Mustangs.
Shots for this period are 10 for Inferno vs 15 for Mustangs.

3rd period


0:01 of 3rd period - Riley Armstrong wins face-off versus Vladimir Sobotka in neutral zone.
0:11 of 3rd period - Wrist shot by Riley Armstrong.
0:11 of 3rd period - Shot Misses the Net.
0:13 of 3rd period - Snap shot by Reilly Smith.
0:13 of 3rd period - Shot Misses the Net.
0:47 of 3rd period - Wrist shot by Anders Lee.
0:47 of 3rd period - Stopped by Peter Mannino with a rebound.
0:55 of 3rd period - Penalty to Mikhail Grabovski is over, Mikhail Grabovski is back on ice.
1:28 of 3rd period - Snap shot by Vladimir Sobotka.
1:28 of 3rd period - Stopped by Peter Mannino with a rebound.
1:30 of 3rd period - Snap shot by Vladimir Sobotka.
1:30 of 3rd period - Shot Blocked by Joshua Leivo.
2:41 of 3rd period - Snap shot by Vladimir Sobotka.
2:41 of 3rd period - Deflect By Vladimir Zharkov.
2:41 of 3rd period - Shot Blocked by Alexei Marchenko.
2:41 of 3rd period - Puck is out of play.
2:42 of 3rd period - Stephane Veilleux wins face-off versus Jim O'Brien in Mustangs zone.
2:45 of 3rd period - Snap shot by Jonathan Ferland.
2:45 of 3rd period - Stopped by Peter Mannino without a rebound.
2:46 of 3rd period - Jim O'Brien wins face-off versus Mikhail Grabovski in Mustangs zone.
3:15 of 3rd period - Cameron Gaunce is hit by Kyle Palmieri and loses puck.
3:41 of 3rd period - Snap shot by Vladimir Sobotka.
3:41 of 3rd period - Deflect By David Ullstrom.
3:41 of 3rd period - Stopped by Peter Mannino without a rebound.
3:42 of 3rd period - Riley Armstrong wins face-off versus Mikhail Grabovski in Mustangs zone.
3:49 of 3rd period - Snap shot by Reilly Smith.
3:49 of 3rd period - Shot Blocked by Jonathan Ferland.
3:55 of 3rd period - Mark Pysyk is hit by Zach Redmond and loses puck.
4:23 of 3rd period - Minor Penalty to Kyle Palmieri for Hooking.
4:24 of 3rd period - Ben Eager wins face-off versus Mikhail Grabovski in Inferno zone.
6:23 of 3rd period - Penalty to Kyle Palmieri is over, Kyle Palmieri is back on ice.
6:29 of 3rd period - Cameron Gaunce is hit by Cal O'Reilly and loses puck.
6:55 of 3rd period - Brandon Saad is hit by David Savard and loses puck.
7:06 of 3rd period - Matthew Nieto is hit by Scott Mayfield and loses puck.
7:47 of 3rd period - Slapshot by Zach Redmond.
7:47 of 3rd period - Deflect By Matt Kassian.
7:47 of 3rd period - Stopped by Peter Mannino without a rebound.
7:48 of 3rd period - Matt Kassian wins face-off versus Rick Schofield in Mustangs zone.
8:33 of 3rd period - Slapshot by Zach Redmond.
8:33 of 3rd period - Deflect By Vladimir Sobotka.
8:33 of 3rd period - Shot Blocked by Alexei Marchenko.
8:33 of 3rd period - Puck is out of play.
8:34 of 3rd period - Riley Armstrong wins face-off versus Vladimir Sobotka in Mustangs zone.
8:57 of 3rd period - Slapshot by Stephane Veilleux.
8:57 of 3rd period - Shot Misses the Net.
9:43 of 3rd period - Icing by David Savard.
9:44 of 3rd period - Vladimir Sobotka wins face-off versus Jim O'Brien in Inferno zone.
9:49 of 3rd period - Snap shot by Jerome Samson.
9:49 of 3rd period - Shot Misses the Net.
9:51 of 3rd period - Snap shot by Mark Pysyk.
9:51 of 3rd period - Stopped by Josh Harding with a rebound.
9:58 of 3rd period - Icing by David Ullstrom.
9:59 of 3rd period - Mikhail Grabovski wins face-off versus Rick Schofield in Inferno zone.
10:31 of 3rd period - Snap shot by Christian Folin.
10:31 of 3rd period - Stopped by Peter Mannino without a rebound.
10:32 of 3rd period - Mikhail Grabovski wins face-off versus Riley Armstrong in Mustangs zone.
10:39 of 3rd period - Snap shot by Stephane Veilleux.
10:39 of 3rd period - Shot Blocked by Eric Wellwood.
10:41 of 3rd period - Snap shot by Stephane Veilleux.
10:41 of 3rd period - Goal by Stephane Veilleux - Inferno : 4 - Mustangs : 4.
10:42 of 3rd period - Riley Armstrong wins face-off versus Mikhail Grabovski in neutral zone.
10:55 of 3rd period - Slapshot by Jonathan Ferland.
10:55 of 3rd period - Goal by Jonathan Ferland - Inferno : 5 - Mustangs : 4.
10:56 of 3rd period - Riley Armstrong wins face-off versus Mikhail Grabovski in neutral zone.
11:10 of 3rd period - Off-side.
11:11 of 3rd period - Rick Schofield wins face-off versus Vladimir Sobotka in neutral zone.
12:04 of 3rd period - Snap shot by Kyle Palmieri.
12:04 of 3rd period - Goal by Kyle Palmieri - Inferno : 6 - Mustangs : 4.
12:05 of 3rd period - Riley Armstrong wins face-off versus Mikhail Grabovski in neutral zone.
12:38 of 3rd period - Marcus Foligno is hit by Colby Robak and loses puck.
13:23 of 3rd period - Snap shot by Stephane Veilleux.
13:23 of 3rd period - Stopped by Peter Mannino without a rebound.
13:24 of 3rd period - Riley Armstrong wins face-off versus Vladimir Sobotka in Mustangs zone.
13:24 of 3rd period - Riley Armstrong is hit by Vladimir Zharkov.
13:50 of 3rd period - Alexei Marchenko is hit by Jonathan Ferland and loses puck.
14:01 of 3rd period - Slapshot by Ben Eager.
14:01 of 3rd period - Stopped by Josh Harding with a rebound.
14:38 of 3rd period - Christian Folin is hit by Denis Bodrov and loses puck.
14:55 of 3rd period - Wrist shot by Beau Bennett.
14:55 of 3rd period - Stopped by Peter Mannino with a rebound.
15:27 of 3rd period - Off-side.
15:28 of 3rd period - Cal O'Reilly wins face-off versus Jim O'Brien in neutral zone.
15:51 of 3rd period - Mark Pysyk is hit by Sami Vatanen and loses puck.
16:04 of 3rd period - Slapshot by Jerome Samson.
16:04 of 3rd period - Shot Blocked by Matt Kassian.
16:06 of 3rd period - Snap shot by Jim O'Brien.
16:06 of 3rd period - Shot Blocked by Colby Robak.
16:08 of 3rd period - Slapshot by Brandon Saad.
16:08 of 3rd period - Shot Misses the Net.
16:10 of 3rd period - Snap shot by Jim O'Brien.
16:10 of 3rd period - Shot Misses the Net.
16:12 of 3rd period - Snap shot by Jim O'Brien.
16:12 of 3rd period - Shot Misses the Net.
16:14 of 3rd period - Wrist shot by Jerome Samson.
16:14 of 3rd period - Deflect By Matt Kassian.
16:14 of 3rd period - Shot Misses the Net.
16:14 of 3rd period - Puck is out of play.
16:15 of 3rd period - Stephane Veilleux wins face-off versus Riley Armstrong in Inferno zone.
16:44 of 3rd period - Slapshot by David Savard.
16:44 of 3rd period - Stopped by Peter Mannino without a rebound.
16:45 of 3rd period - David Ullstrom wins face-off versus Rick Schofield in Mustangs zone.
16:46 of 3rd period - Snap shot by Vladimir Zharkov.
16:46 of 3rd period - Deflect By David Ullstrom.
16:46 of 3rd period - Stopped by Peter Mannino without a rebound.
16:47 of 3rd period - Vladimir Sobotka wins face-off versus Jim O'Brien in Mustangs zone.
16:55 of 3rd period - Snap shot by David Ullstrom.
16:55 of 3rd period - Stopped by Peter Mannino without a rebound.
16:56 of 3rd period - Jim O'Brien wins face-off versus Mikhail Grabovski in Mustangs zone.
17:02 of 3rd period - Cameron Gaunce is hit by Jonathan Ferland and loses puck.
17:07 of 3rd period - Slapshot by Brandon Saad.
17:07 of 3rd period - Deflect By Stephane Veilleux.
17:07 of 3rd period - Stopped by Josh Harding with a rebound.
17:09 of 3rd period - Slapshot by Eric Gryba.
17:09 of 3rd period - Shot Misses the Net.
17:11 of 3rd period - Slapshot by Eric Gryba.
17:11 of 3rd period - Shot Misses the Net.
17:13 of 3rd period - Snap shot by Jim O'Brien.
17:13 of 3rd period - Shot Misses the Net.
17:36 of 3rd period - Wrist shot by Jim O'Brien.
17:36 of 3rd period - Shot Misses the Net.
17:38 of 3rd period - Wrist shot by Jim O'Brien.
17:38 of 3rd period - Stopped by Josh Harding without a rebound.
17:39 of 3rd period - Cal O'Reilly wins face-off versus Riley Armstrong in Inferno zone.
18:10 of 3rd period - Snap shot by David Ullstrom.
18:10 of 3rd period - Deflect By Vladimir Zharkov.
18:10 of 3rd period - Stopped by Peter Mannino without a rebound.
18:11 of 3rd period - Vladimir Sobotka wins face-off versus Rick Schofield in Mustangs zone.
18:12 of 3rd period - Slapshot by David Ullstrom.
18:12 of 3rd period - Stopped by Peter Mannino without a rebound.
18:13 of 3rd period - Vladimir Sobotka wins face-off versus Rick Schofield in Mustangs zone.
18:23 of 3rd period - Snap shot by Marcus Foligno.
18:23 of 3rd period - Goal by Marcus Foligno - Inferno : 6 - Mustangs : 5.
18:24 of 3rd period - Cal O'Reilly wins face-off versus Jim O'Brien in neutral zone.
18:50 of 3rd period - Cameron Gaunce is hit by Kyle Palmieri and loses puck.
19:15 of 3rd period - Mustangs, Peter Mannino is pulled from the net.
19:27 of 3rd period - Wrist shot by Eric Gryba.
19:27 of 3rd period - Stopped by Josh Harding with a rebound.
19:29 of 3rd period - Snap shot by Jerome Samson.
19:29 of 3rd period - Deflect By Brandon Saad.
19:29 of 3rd period - Shot Misses the Net.
19:29 of 3rd period - Puck is out of play.
19:30 of 3rd period - Peter DeBoer call a timeout for Mustangs.
19:30 of 3rd period - Riley Armstrong wins face-off versus Mikhail Grabovski in Inferno zone.
19:36 of 3rd period - Minor Penalty to Vladimir Zharkov for Goalie Interference.
19:37 of 3rd period - Mikhail Grabovski wins face-off versus Riley Armstrong in Inferno zone.
19:44 of 3rd period - Slapshot by Colby Robak.
19:44 of 3rd period - Goal by Colby Robak - Inferno : 7 - Mustangs : 5.
19:44 of 3rd period - Peter Mannino from Mustangs was sent back in the game.
19:45 of 3rd period - Mikhail Grabovski wins face-off versus Reilly Smith in neutral zone.
Goals for this period are 4 for Inferno vs 1 for Mustangs.
Shots for this period are 17 for Inferno vs 6 for Mustangs.